 Dungeon Crawl Stone Soup version 0.32-a0-961-gd60f5e5fc7 (webtiles) character file.

Game seed: 9082940555636692999

370 DrKenneth the Trooper (level 6, -4/56 HPs)
             Began as a Minotaur Fighter on Apr 18, 2024.
             Killed from afar by an orc wizard (7 damage)
             ... with a puff of flame
             ... on level 4 of the Dungeon.
             The game lasted 00:07:12 (2084 turns).

DrKenneth the Trooper (Minotaur Fighter)            Turns: 2084, Time: 00:07:13

Health: -4/56      AC: 12    Str: 23    XL:     6   Next: 42%
Magic:  5/5        EV:  8    Int:  5    God:
Gold:   204        SH:  4    Dex:  9    Spells: 5/5 levels left

rFire   . . .        a - +0 war axe
rCold   . . .        c - +0 buckler
rNeg    . . .        b - +0 scale mail
rPois   .            (helmet restricted)
rElec   .            (no cloak)
rCorr   .            u - +0 pair of gloves
SInv    .            (no boots)
Will    +....        (no amulet) Stlth
                     g - ring of willpower
HPRegen 0.29/turn    o - +4 ring of protection
MPRegen 0.09/turn

%: no passive effects
@: no status effects
A: horns 2, retaliatory headbutt
a: no special abilities


You were on level 4 of the Dungeon.
You visited 1 branch of the dungeon, and saw 4 of its levels.

You collected 204 gold pieces.

Inventory:

Hand Weapons
 a - a +0 war axe (weapon)
Armour
 b - a +0 scale mail (worn)
 c - a +0 buckler (worn)
 u - a +0 pair of gloves (worn)
Jewellery
 g - a ring of willpower (left hand)
 h - a ring of protection from cold
 o - a +4 ring of protection (right hand)
 p - a ring of willpower
 t - a ring of willpower
Wands
 q - a wand of digging (5)
 x - a wand of flame (18)
Scrolls
 i - a scroll of teleportation
 j - a scroll of identify
 k - a scroll of noise {unknown}
 r - a scroll of brand weapon {unknown}
 w - a scroll of fog {unknown}
Potions
 d - 3 potions of might
 e - a potion of ambrosia
 f - 2 potions of attraction {unknown}
 l - 2 potions of heal wounds {unknown}
 m - 3 potions of haste {unknown}
 n - 3 potions of brilliance {unknown}
 s - a potion of enlightenment {unknown}
 v - a potion of curing {unknown}
 z - 2 potions of invisibility {unknown}


   Skills:
 + Level 5.3 Fighting
 + Level 4.6 Axes
 + Level 5.3 Armour
 + Level 5.3 Shields


You had 5 spell levels left.
You didn't know any spells.
Your spell library contained the following spells:

 Spells                   Type           Power      Damage    Failure   Level
 Magic Dart               Conj           0%         1d3       83%         1
 Mercury Vapours          Alch/Air       0%         N/A       92%         2
 Scorch                   Fire           0%         2d5       92%         2
 Searing Ray              Conj           0%         2d4       92%         2
 Mephitic Cloud           Conj/Alch/Air  0%         N/A       99%         3
 Fulminant Prism          Conj/Alch      0%         3d5       100%        4
 Freezing Cloud           Conj/Ice/Air   0%         6-21      100%        5
 Plasma Beam              Fire/Air       0%         2x1d10    100%        6
 Ignition                 Fire           0%         3d3       100%        8


Dungeon Overview and Level Annotations

Branches:
Dungeon (4/15)
 Temple: D:4-7

Altars:
Wu Jian


Innate Abilities, Weirdness & Mutations

You have a pair of horns on your head.
You reflexively headbutt those who attack you in melee.


Message History

You feel a bit more experienced.
You closely miss something. Something hits you but does no damage.
Deactivating autopickup; reactivate with Ctrl-A.
You miss something.
You hear some strange, mumbled words.
A magic dart appears from out of thin air!
The magic dart hits you.
* * * LOW HITPOINT WARNING * * *
You closely miss something. Your headbutt misses something. Something hits you.
* * * LOW HITPOINT WARNING * * *
Something hits you but does no damage.
You barely miss something. Something hits you but does no damage.
You barely miss something. Something hits you but does no damage.
You closely miss something. Something hits you but does no damage.
You miss something.
Something hits you but does no damage. x2
You miss something. You headbutt something.
Something hits you but does no damage.
You barely miss something. Something hits you.
* * * LOW HITPOINT WARNING * * *
You miss something. Your headbutt misses something.
Something hits you but does no damage.
You miss something. Your headbutt misses something.
Something hits you but does no damage. x2
You closely miss something. Your headbutt misses something. Something hits you.
* * * LOW HITPOINT WARNING * * *
You closely miss something. Your headbutt misses something. Something hits you.
* * * LOW HITPOINT WARNING * * *
You barely miss something. Something hits you but does no damage.
You closely miss something. You headbutt something!
Something hits you but does no damage. x2
You barely miss something. Something hits you but does no damage.
You closely miss something. Something hits you.
* * * LOW HITPOINT WARNING * * *
You miss something.
Something hits you but does no damage. x2
You closely miss something. You block something's attack.
You barely miss something. Your headbutt misses something.
You hear some strange, mumbled words.
A puff of flame appears from out of thin air!
The puff of flame hits you!
You die...

###...#...$.#
............#
............# P.
............# .P.
............########...
........... #...[......
........{# #.......P.#
.......@)# #.......P..
###...!))# #.......P..
#......#####.......P.[
#....%................
#.<...................
#######...........†_..
#.........##†..#
#.........##...#
#......#####...#


There were no monsters in sight!

Vanquished Creatures
  A scorpion (D:4)
  Natasha (D:2)
  4 orc wizards
  Robin (D:3)
  3 gnolls (D:3)
  4 adders
  3 ribbon worms (D:3)
  3 dart slugs
  9 orcs
  9 bats
  9 endoplasms
  A giant cockroach (D:2)
  14 goblins
  9 hobgoblins
  9 jackals
  2 quokkas (D:1)
  6 ball pythons
  2 frilled lizards (D:2)
  6 kobolds
  7 rats
103 creatures vanquished.

Notes
Turn   | Place    | Note
-------+----------+-------------------------------------------
     0 | D:1      | DrKenneth the Minotaur Fighter began the quest for the Orb.
     0 | D:1      | Reached XP level 1. HP: 19/19 MP: 0/0
    70 | D:1      | Reached XP level 2. HP: 26/27 MP: 1/1
   487 | D:1      | Reached XP level 3. HP: 29/33 MP: 2/2
   739 | D:2      | Noticed Natasha
   751 | D:2      | Killed Natasha
   933 | D:2      | Reached XP level 4. HP: 41/41 MP: 3/3
  1165 | D:3      | Found a faded altar of an unknown god.
  1168 | D:3      | Reached XP level 5. HP: 47/47 MP: 4/4
  1421 | D:3      | Reached skill level 5 in Fighting
  1421 | D:3      | Reached skill level 5 in Armour
  1421 | D:3      | Reached skill level 5 in Shields
  1735 | D:3      | Noticed Robin
  1755 | D:3      | Killed Robin
  1756 | D:3      | Reached XP level 6. HP: 48/56 MP: 5/5
  2005 | D:4      | Found an ornate altar of the Wu Jian Council.
  2034 | D:4      | Got the Codex of Hyperthermia
  2067 | D:4      | HP: 2/56 [something (3)]
  2076 | D:4      | HP: 2/56 [something (2)]
  2081 | D:4      | HP: 2/56 [something (1)]
  2084 | D:4      | Killed from afar by an orc wizard

Illustrated notes

Levels and vault maps discovered:
D:1:      lightli_arrival_statue_moat, layout_loops_ring
D:2:      layout_basic, uniq_natasha
D:3:      kennysheep_goblin_castle, layout_rooms,
          hellmonk_ecumenical_altar_leap_of_faith
D:4:      layout_basic, lightli_temple_of_fire, mainiacjoe_overflow_boulevard

Skill      XL: |  1  2  3  4  5 |
---------------+----------------+-----
Fighting       | 4 5 |  5.3
Armour         | 4 5 |  5.3
Shields        | 4 5 |  5.3
Axes           | 3 4 |  4.6

Action                     |  1- 3 |  4- 6 || total
---------------------------+-------+-------++-------
  Melee: War axe           |    62 |   159 ||   221
         Headbutt          |     8 |    23 ||    31
    Use: Scroll            |       |     2 ||     2
 Armour: Scale mail        |    55 |   192 ||   247
  Dodge: Dodged            |    32 |    85 ||   117
  Block: Buckler           |    11 |    60 ||    71

Table legend: (Time is in decaauts)
 A = Elapsed time spent in this place.
 B = Non-inter-level travel time spent in this place.
 C = Inter-level travel time spent in this place.
 D = Time resting spent in this place.
 E = Time spent auto-exploring this place.
 F = Levels seen in this place.
 G = Mean time per level.
                   A        B        C        D        E       F      G
               +--------+--------+--------+--------+--------+-----+--------+
         Total |   2156 |   1793 |    363 |    202 |   1048 |   4 |  539.0 |
       Dungeon |   2156 |   1793 |    363 |    202 |   1048 |   4 |  539.0 |
               +--------+--------+--------+--------+--------+-----+--------+

Top non-repeatable levels by time:
     D:3: 882 daAuts
     D:1: 650 daAuts
     D:2: 474 daAuts
     D:4: 148 daAuts
